 Dungeon Crawl Stone Soup version 0.21.1-1-g345015f (webtiles) character file.

217 Mirai the Thaumaturge (level 5, 0/28 HPs)
             Began as a Deep Elf Conjurer on Apr 1, 2018.
             Slain by Hasart's ghost (6 damage)
             ... on level 4 of the Dungeon.
             The game lasted 00:07:04 (2816 turns).

Mirai the Thaumaturge (Deep Elf Conjurer)           Turns: 2816, Time: 00:07:05

Health: 0/28       AC:  4    Str:  5    XL:     5   Next: 61%
Magic:  5/17       EV: 12    Int: 21    God:
Gold:   303        SH:  0    Dex: 15    Spells: 9/20 levels left

rFire    . . .     SeeInvis .   r - +0 dagger (venom)
rCold    . . .     Gourm    .   (no shield)
rNeg     . . .     Faith    .   a - +0 robe
rPois    .         Spirit   .   g - +1 hat
rElec    .         Reflect  .   (no cloak)
rCorr    .         Harm     .   (no gloves)
MR       +....                  i - +0 pair of boots
Stlth    +.........             (no amulet)
HPRegen  0.09/turn              l - ring of protection from magic
MPRegen  0.15/turn              s - ring of loudness (curse)

@: about to teleport, drained
A: no striking features
a: no special abilities


You were on level 4 of the Dungeon.
You were not hungry.

You visited 1 branch of the dungeon, and saw 4 of its levels.

You collected 303 gold pieces.

Inventory:

Hand Weapons
 r - a +0 dagger of venom (weapon)
Armour
 a - a +0 robe (worn)
 g - a +1 hat (worn)
 i - a +0 pair of boots (worn)
Jewellery
 e - an uncursed ring of fire
 j - an uncursed amulet of harm
 l - a ring of protection from magic (left hand)
 s - a cursed ring of loudness (right hand)
Wands
 v - a wand of paralysis (13)
Scrolls
 d - 5 scrolls of identify
 m - 2 scrolls of immolation {unknown}
 n - a scroll of noise {unknown}
 o - 2 scrolls of remove curse
 p - a scroll of amnesia {unknown}
 q - a scroll of enchant armour {unknown}
 w - a scroll of blinking {unknown}
Potions
 f - 2 potions of lignification {unknown}
 k - a potion of curing
 t - 2 potions of degeneration {unknown}
 u - 2 potions of berserk rage {unknown}
 x - a potion of haste {unknown}
Books
 b - a book of Conjurations

   Spells                             Type                      Level
   a - Magic Dart                     Conjuration                  1
   b - Searing Ray                    Conjuration                  2
   c - Dazzling Spray                 Conjuration/Hexes            3
   d - Fulminant Prism                Conjuration/Hexes            4
   e - Force Lance                    Conjuration/Translocation    4
   f - Iskenderun's Mystic Blast      Conjuration                  4
Comestibles
 c - 10 rations


   Skills:
 - Level 2.4(1.9) Dodging
 - Level 2.4(1.9) Stealth
 + Level 8.0(7.4) Spellcasting
 - Level 4.3(3.8) Conjurations


You had 9 spell levels left.
You knew the following spells:

 Your Spells              Type           Power        Failure   Level  Hunger
a - Magic Dart            Conj           ###.         1%          1    None
b - Searing Ray           Conj           ###...       2%          2    None
c - Iskenderun's Mystic   Conj           ###.....     17%         4    ###....
d - Fulminant Prism       Conj/Hex       ###.......   36%         4    ###....


Dungeon Overview and Level Annotations

Branches:
Dungeon (4/15)
 Temple: D:4-7

Altars:
Dithmenos
Ru

Annotations:
D:4 Hasart's ghost, novice KoHu


Message History

Aiming: Searing Ray
Press: ? - help, Shift-Dir - straight line, f/p - Hasart's ghost
Aim: Hasart's ghost (heavily damaged)
The searing ray misses Hasart's ghost. (Press . to maintain the ray.) Hasart's ghost hits you!
* * * LOW HITPOINT WARNING * * *
Unknown command.
Unknown command.
What are your orders? t - Shout!
Orders for allies: a - Attack new target. p - Attack previous target. r - Retreat! s - Stop attacking. g - Guard the area. f - Follow me.
Anything else - Cancel.
Okay, then.
Unknown command.
As you read the scroll of teleportation, it crumbles to dust.
You feel strangely unstable. Hasart's ghost hits you.
You die...

#...#######......................
#...########.....................
................................>
................................#
..................###...##......#
..................###...##......#
...(...............##...#.......#
......#.......#...)..............
......#.......#.@...........##...
##....# ..... #..W..........# ...
#....# .....####........ #######
............#.... ..#
...........##... ..#
#...........##.. ..#
#.........#..##. ..#
#.............# ..#
#..............#


You could see Hasart's ghost.

Vanquished Creatures
  An ogre (D:4)
  6 adders
  3 oozes
  4 orcs (D:3)
  A ball python (D:3)
  4 giant cockroaches
  9 goblins
  9 hobgoblins
  6 jackals
  A quokka (D:2)
  5 bats
  6 frilled lizards
  7 kobolds
  6 rats
68 creatures vanquished.

Notes
Turn   | Place    | Note
-------+----------+-------------------------------------------
     0 | D:1      | Mirai the Deep Elf Conjurer began the quest for the Orb.
     0 | D:1      | Reached XP level 1. HP: 10/10 MP: 6/6
    71 | D:1      | Reached skill level 4 in Spellcasting
    71 | D:1      | Reached XP level 2. HP: 10/15 MP: 1/9
    75 | D:1      | Learned a level 2 spell: Searing Ray
   934 | D:2      | Reached XP level 3. HP: 19/19 MP: 8/11
   938 | D:2      | Reached skill level 5 in Spellcasting
  1212 | D:2      | Reached skill level 6 in Spellcasting
  1212 | D:2      | Reached XP level 4. HP: 15/24 MP: 4/14
  1541 | D:2      | Found a shadowy altar of Dithmenos.
  1774 | D:3      | Found a sacrificial altar of Ru.
  1973 | D:3      | Learned a level 4 spell: Iskenderun's Mystic Blast
  1978 | D:3      | Learned a level 4 spell: Fulminant Prism
  2323 | D:3      | Reached skill level 7 in Spellcasting
  2642 | D:4      | Reached XP level 5. HP: 27/28 MP: 12/16
  2792 | D:4      | Noticed an ogre
  2798 | D:4      | Killed an ogre
  2798 | D:4      | Reached skill level 8 in Spellcasting
  2805 | D:4      | Noticed Hasart's ghost (novice KoHu)
  2816 | D:4      | Slain by Hasart's ghost

Skill      XL: |  1  2  3  4  5 |
---------------+----------------+-----
Spellcasting   | 4 6 7 8 |  8.0
Dodging        | |  2.4
Stealth        | |  2.4
Conjurations   | |  4.3

Action                   |  1- 3 |  4- 6 || total
-------------------------+-------+-------++-------
Melee: Unarmed           |     7 |       ||     7
       Dagger            |       |     6 ||     6
 Cast: Magic Dart        |    68 |    67 ||   135
       Searing Ray       |     2 |     7 ||     9
  Use: Scroll            |     3 |     1 ||     4
       Potion            |     2 |       ||     2
  Eat: Chunk             |     1 |     5 ||     6
Armor: Robe              |    15 |    13 ||    28
Dodge: Dodged            |    53 |    21 ||    74
